 Dungeon Crawl Stone Soup version 0.15-a0-1345-gc375f20 (webtiles) character file.

88 Quh the Slasher (level 4, 35/35 HPs)
             Began as a Demonspawn Abyssal Knight on June 8, 2014.
             Was a Believer of Lugonu.
             Quit the game on Level 3 of the Dungeon.
             The game lasted 00:06:59 (2566 turns).

Quh the Slasher (Demonspawn Abyssal Knight)         Turns: 2566, Time: 00:06:59

HP  35/35        AC  8     Str 13      XL: 4   Next: 30%
MP   5/5         EV  8     Int 13      God: Lugonu [**....]
Gold 86          SH  0     Dex 13      Spells:  0 memorised,  3 levels left

rFire  . . .     SeeInvis .     a - +1 falchion
rCold  . . .     Clarity  .     h - +0 scale mail
rNeg   . . .     rCorr    .     (no shield)
rPois  .         rRot     +     (no helmet)
rElec  .         Spirit   .     (no cloak)
SustAb .         Warding  .     (no gloves)
rMut   .         Stasis   .     (no boots)
Gourm  .                        (no amulet)
MR     .....                    (no ring)
                                (no ring)

@: not resistant to hostile enchantments, extremely unstealthy
A: thin metallic scales 1, rot immunity
a: Depart the Abyss, Bend Space, Renounce Religion


You were on level 3 of the Dungeon.
You worshipped Lugonu.
Lugonu was pleased with you.
You were very hungry.

You visited 1 branch of the dungeon, and saw 3 of its levels.
You visited the Abyss 1 time.

You collected 86 gold pieces.

Inventory:

Hand weapons
 a - a +1,+1 falchion (weapon)
Missiles
 m - 29 stones (quivered)
 n - 6 javelins
Armour
 b - a +0 leather armour
 d - a +0 ring mail
 h - a +0 scale mail (worn)
Comestibles
 c - a bread ration
 o - a slice of pizza
Scrolls
 e - 5 scrolls of enchant weapon I {unknown}
 f - 5 scrolls of remove curse {unknown}
 g - 2 scrolls of blinking {unknown}
 i - a scroll of noise {unknown}
 k - 4 scrolls of identify {unknown}
 q - a scroll of immolation {unknown}
 r - a scroll of teleportation {unknown}
 s - a scroll of random uselessness {unknown}
Jewellery
 u - a cursed -4 ring of strength {unknown}
Potions
 j - a potion of flight {unknown}
 l - a potion of heal wounds {unknown}
 p - 4 potions of curing {unknown}
 t - a potion of decay {unknown}


   Skills:
 - Level 3.0 Fighting
 * Level 4.2 Long Blades
 - Level 1.7 Armour
 - Level 0.8 Dodging
 - Level 2.4 Invocations


You had 3 spell levels left.
You didn't know any spells.

Dungeon Overview and Level Annotations

Branches:
Dungeon (3/15)

Altars:


Innate Abilities, Weirdness & Mutations

You are partially covered in thin metallic scales (AC +2).
You are immune to rotting.


Message History

Lugonu accepts your kill.
Your Long Blades skill increases to level 4!
Found 14 gold pieces.
g - 2 scrolls labeled VOOWER HIR VISAMN (gained 1)
Items here: %% ) [ a club; a leather armour; the goblin corpse of Ijyb; an adder corpse Your intelligent allies may only pick up items dropped by allies.
Change to (d)efault, (n)othing, (f)riend-dropped, (p)layer, or (a)ll?
Okay, then.
Welcome back, Quh the Demonspawn Abyssal Knight.
Lugonu says: Spread carnage and corruption!
Press ? for a list of commands and other information.
You start resting.
HP restored.
You start waiting.
You are feeling very hungry.
Welcome back, Quh the Demonspawn Abyssal Knight.
Lugonu says: Spread carnage and corruption!
Press ? for a list of commands and other information.
Are you sure you want to abandon this character and quit the game? (Confirm with "yes".)

#.# ..# #.#
#.# #.# #.#
#.# #<# #@#
#....#
#.#....
......$...
#.# #.#.#..#
$............
.. .#.#.#..
......... #.#


There were no monsters in sight!

Vanquished Creatures
  Ijyb (D:3)
  3 adders
  A giant gecko (D:1)
  3 giant cockroaches
  5 goblins
  8 hobgoblins
  4 jackals (D:1)
  3 quokkas
  A ball python (D:1)
  6 bats (D:2)
  3 giant newts (D:1)
  3 kobolds
  2 rats (D:1)
43 creatures vanquished.

Notes
Turn   | Place    | Note
--------------------------------------------------------------
     0 | Abyss:1  | Quh, the Demonspawn Abyssal Knight, began the quest for the Orb.
     0 | Abyss:1  | Reached XP level 1. HP: 18/18 MP: 1/1
   165 | Abyss:1  | Noticed a wight
   166 | Abyss:1  | Noticed a wight
   174 | Abyss:1  | Noticed a large abomination
   294 | Abyss:1  | Noticed a ynoxinul
   295 | D:1      | Escaped the Abyss
   786 | D:1      | Gained mutation: You are partially covered in thin metallic scales (AC +2). [demonic ancestry]
   786 | D:1      | Reached XP level 2. HP: 24/24 MP: 2/2
   791 | D:1      | Acquired Lugonu's first power
  1458 | D:2      | Gained mutation: You are immune to rotting. [demonic ancestry]
  1458 | D:2      | Reached XP level 3. HP: 29/29 MP: 4/4
  1724 | D:2      | Acquired Lugonu's second power
  2368 | D:3      | Noticed Ijyb
  2377 | D:3      | Reached XP level 4. HP: 31/35 MP: 5/5
  2398 | D:3      | Killed Ijyb
  2398 | D:3      | Reached skill level 4 in Long Blades
  2566 | D:3      | Quit the game

Action                   |  1- 3 |  4- 6 || total
-------------------------+-------+-------++-------
Melee: Falchion          |   119 |    21 ||   140
Throw: Stone             |     1 |       ||     1
Invok: Depart the Abyss  |     1 |       ||     1
